 Dungeon Crawl Stone Soup version 0.21.1-1-g345015f (webtiles) character file.

842 suicidejoker the Covert (level 8, -1/52 HPs)
             Began as an Octopode Assassin on Apr 13, 2018.
             Was an Initiate of Gozag.
             Slain by a hornet (16 damage)
             ... on level 5 of the Dungeon.
             The game lasted 00:17:04 (5093 turns).

suicidejoker the Covert (Octopode Assassin)         Turns: 5093, Time: 00:17:05

Health: -1/52      AC:  1    Str: 18    XL:     8   Next: 0%
Magic:  11/11      EV: 14    Int: 13    God:    Gozag
Gold:   308        SH:  0    Dex: 13    Spells: 11/11 levels left

rFire    . . .     SeeInvis .   a - +4 dagger
rCold    + . .     Gourm    .   (no shield)
rNeg     . . .     Faith    .   (helmet restricted)
rPois    .         Spirit   .   (no amulet)
rElec    .         Reflect  .   w - ring of resist corrosion
rCorr    +         Harm     .   v - ring of protection from cold
MR       .....                  (no ring)
Stlth    +++++.....             (no ring)
HPRegen  0.17/turn              (no ring)
MPRegen  0.12/turn              (no ring)
                                (no ring)
                                (no ring)

@: mighty, slowed, very slow
A: almost no armour, stealthy swim, amphibious, 8 rings, constrict 8, camouflage
1, gelatinous body 1
a: Potion Petition, Call Merchant, Bribe Branch, Renounce Religion


You were on level 5 of the Dungeon.
You worshipped Gozag.
Gozag was aware of your devotion.
You were hungry.

You visited 2 branches of the dungeon, and saw 6 of its levels.

You collected 364 gold pieces.
You paid 56 gold pieces to Gozag.

Inventory:

Hand Weapons
 a - a +4 dagger (weapon)
 b - a +0 blowgun
 j - a +0 dire flail of crushing
 o - a +0 trident of piercing
 t - a +2 short sword of venom
 y - a +1 whip of venom
Missiles
 c - 40 poisoned needles
 d - 2 curare-tipped needles
 l - 91 arrows
 p - 124 stones (quivered)
 r - 12 tomahawks
 A - 30 sling bullets
Jewellery
 v - a ring of protection from cold (right tentacle)
 w - a ring of resist corrosion (left tentacle)
Wands
 z - a wand of digging (15)
Scrolls
 g - 2 scrolls of identify
 h - a scroll of fear
 s - 4 scrolls of teleportation
 u - a scroll of remove curse
 D - a scroll of magic mapping {unknown}
Potions
 e - 2 potions of haste
 k - 2 potions of flight
 m - 2 potions of curing
 q - 3 potions of brilliance
 x - a potion of heal wounds
 C - a potion of ambrosia {unknown}
Comestibles
 f - 6 rations


   Skills:
 + Level 3.4 Fighting
 + Level 3.2 Short Blades
 - Level 2.0 Throwing
 + Level 2.6 Dodging
 * Level 10.4 Stealth
 + Level 2.1 Spellcasting
 + Level 2.0 Evocations


You had 11 spell levels left.
You didn't know any spells.

Dungeon Overview and Level Annotations

Branches:
Dungeon (5/15)             Temple (1/1) D:4

Altars:
Fedhas
Gozag
Hepliaklqana
Okawaru
Qazlal
Ru
Sif Muna
Trog
Uskayaw
Vehumet
Wu Jian
Xom
Yredelemnul
Zin
The Shining One


Innate Abilities, Weirdness & Mutations

You cannot wear most types of armour.
You are very stealthy in the water. (Stealth+)
You are amphibious.
You can wear up to eight rings at the same time.
You can use your tentacles to constrict eight enemies at once.
Your skin changes colour to match your surroundings (Stealth+).
Your rubbery body absorbs attacks. (AC +1, EV +1)


Message History

You feel yourself slow down. The hornet stings you!
* * * LOW HITPOINT WARNING * * *
You feel as though you will be slow longer.
You can move again.
You feel much better. The hornet stings you!
You shrug off the repeated paralysis!
The hornet misses you.
You puncture the hornet! Your grab misses the hornet.
Your squeeze misses the hornet.
The hornet is moderately wounded.
The hornet stings you.
You feel as though you will be slow longer.
The hornet stings you!
* * * LOW HITPOINT WARNING * * *
You feel as though you will be slow longer.
You feel much better. The hornet stings you!
* * * LOW HITPOINT WARNING * * *
You feel as though you will be slow longer.
The hornet stings you!
You die...
Your body crumbles into a pile of gold.

.#.#.#.#...#.# #.#.#
#.#.#)#.##.#.# .......
#.#.# #.#.#)###.#..
....... #...#
#.#)#.##..... g.g....
#####
#.#.#.#.####.>#.gZ....
#.#.#.#..# ###§.§....
#.#.#.#.#.# §y.....
#.#.#.#.#..#######g§.....
.#.#.#.#.#.....@y§§§...#
#.......##############.#
######.# $ #. #


You could see a hornet.

Vanquished Creatures
  Edmund (D:4)
  An ice beast (D:5)
  An ogre (D:4)
  2 centaur skeletons (D:4)
  3 orc priests (D:3)
  A gnoll shaman (D:5)
  2 hounds
  A jelly (D:5)
  An orc wizard (D:5)
  Jessica (D:2)
  4 worker ants
  4 adders
  A shadow imp (D:5)
  2 worms
  A dart slug (D:2)
  3 leopard geckos
  16 orcs
  2 giant cockroaches (D:3)
  7 goblins
  3 hobgoblins
  9 kobolds
  2 quokkas
  6 bats
  4 frilled lizards
  A jackal skeleton (D:5)
  6 rats
85 creatures vanquished.

Notes
Turn   | Place    | Note
-------+----------+-------------------------------------------
     0 | D:1      | suicidejoker the Octopode Assassin began the quest for the Orb.
     0 | D:1      | Reached XP level 1. HP: 14/14 MP: 1/1
    60 | D:1      | Reached XP level 2. HP: 19/19 MP: 2/2
   145 | D:1      | Reached skill level 6 in Stealth
   777 | D:2      | Reached XP level 3. HP: 9/24 MP: 3/3
  1098 | D:2      | Reached skill level 7 in Stealth
  1386 | D:2      | Noticed Jessica
  1389 | D:2      | Killed Jessica
  1389 | D:2      | Reached XP level 4. HP: 29/29 MP: 4/4
  2133 | D:3      | Reached skill level 8 in Stealth
  2526 | D:3      | Reached XP level 5. HP: 21/34 MP: 5/5
  2529 | D:3      | Reached skill level 9 in Stealth
  3289 | D:3      | Reached XP level 6. HP: 40/40 MP: 5/7
  3518 | D:3      | Found a bloodstained altar of Trog.
  3591 | D:4      | Found a basalt altar of Yredelemnul.
  3724 | D:4      | Found a glowing golden altar of the Shining One.
  3758 | D:4      | Reached skill level 1 in Spellcasting
  3780 | D:4      | Found a staircase to the Ecumenical Temple.
  3796 | Temple   | Entered the Ecumenical Temple
  3847 | Temple   | Became a worshipper of Gozag Ym Sagoz the Greedy
  3987 | D:4      | Noticed Edmund
  4089 | D:4      | Killed Edmund
  4089 | D:4      | Reached skill level 1 in Evocations
  4089 | D:4      | Reached XP level 7. HP: 45/45 MP: 7/9
  4461 | D:4      | Reached skill level 10 in Stealth
  4746 | D:5      | Entered Level 5 of the Dungeon
  5067 | D:5      | Noticed a hornet
  5086 | D:5      | Reached XP level 8. HP: 27/52 MP: 11/11
  5089 | D:5      | Paralysed by a hornet for 1 turns
  5090 | D:5      | HP: 2/52 [hornet (11)]
  5093 | D:5      | Slain by a hornet

Skill      XL: |  1  2  3  4  5  6  7 |
---------------+----------------------+-----
Stealth        | 6 7 8 9 10 | 10.4
Spellcasting   | 1 2 |  2.1
Dodging        | 2 |  2.6
Evocations     | 1 2 |  2.0
Fighting       | 3 |  3.4
Short Blades   | 3 |  3.2
Throwing       | |  2.0

Action                   |  1- 3 |  4- 6 |  7- 9 || total
-------------------------+-------+-------+-------++-------
Melee: Dagger            |    33 |    93 |    42 ||   168
       Tentacles         |     4 |    17 |     9 ||    30
       Constrict         |     4 |    20 |     9 ||    33
 Fire: Blowgun           |    24 |       |       ||    24
Throw: Throwing net      |       |     1 |       ||     1
  Use: Scroll            |     5 |     7 |     6 ||    18
       Potion            |       |       |     3 ||     3
 Stab: Sleeping          |    13 |    16 |     6 ||    35
       Held in net/web   |       |     2 |       ||     2
       Distracted        |       |     1 |     1 ||     2
  Eat: Chunk             |     1 |     4 |       ||     5
       Ration            |       |     1 |     1 ||     2
Armor: Skin              |     3 |     1 |     1 ||     5
Dodge: Dodged            |    16 |    33 |    14 ||    63
